 Dungeon Crawl Stone Soup version 0.31-a0-232-gb1c03b2570 (webtiles) character file.

Game seed: 1735893252918569675

33 qw the Shooter (level 3, 0/29 HPs)
             Began as a Minotaur Hexslinger on July 7, 2023.
             Succumbed to an adder's poison
             ... on level 2 of the Dungeon.
             The game lasted 00:00:18 (756 turns).

qw the Shooter (Minotaur Hexslinger)                 Turns: 756, Time: 00:00:18

Health: 0/29       AC:  2    Str: 12    XL:     3   Next: 12%
Magic:  3/3        EV: 12    Int: 10    God:
Gold:   40         SH:  0    Dex: 14    Spells: 3/4 levels left

rFire   . . .        Y - +3 sling
rCold   . . .        (no shield)
rNeg    . . .        c - +0 robe
rPois   .            (helmet restricted)
rElec   .            (no cloak)
rCorr   .            (no gloves)
SInv    .            (no boots)
Will    .....        g - amulet of faith
Stlth   +            (no ring)
HPRegen 0.24/turn    (no ring)
MPRegen 0.08/turn

%: faith
@: lethally poisoned (0 -> -1)
A: horns 2, retaliatory headbutt
a: no special abilities


You were on level 2 of the Dungeon.
You visited 1 branch of the dungeon, and saw 2 of its levels.

You collected 40 gold pieces.


Innate Abilities, Weirdness & Mutations

You have a pair of horns on your head.
You reflexively headbutt those who attack you in melee.


   Skills:
 - Level 2.0 Fighting
 + Level 3.6 Ranged Weapons
 - Level 2.1 Dodging
 - Level 1.0 Spellcasting
 - Level 2.0 Hexes


You had 3 spell levels left.
You knew the following spells:

 Your Spells              Type           Power      Damage    Failure   Level
a - Slow                  Hex            16%        N/A       16%         1

Your spell library contained the following spells:

 Spells                   Type           Power      Damage    Failure   Level
 Inner Flame              Hex/Fire       2%         N/A       56%         3
 Portal Projectile        Hex/Tloc       4%         N/A       56%         3
 Cause Fear               Hex            2%         N/A       83%         4

Inventory:

Hand Weapons
 Y - a +3 sling (weapon)
Armour
 c - a +0 robe (worn)
Jewellery
 g - an amulet of faith (around neck)
Scrolls
 a - a scroll of immolation {unknown}
 b - a scroll of fog {unknown}
 e - a scroll of teleportation {unknown}
 f - a scroll of identify
 j - a scroll of enchant armour {unknown}
Potions
 d - a potion of mutation {unknown}
 h - a potion of attraction {unknown}
 i - 2 potions of degeneration {unknown}

Dungeon Overview and Level Annotations

Branches:
Dungeon (2/15)

Altars:


Message History

You feel sick. The adder bites you. The adder misses you.
You shoot a sling bullet. The sling bullet hits the adder.
The adder is moderately wounded.
You feel sick. The adder bites you but does no damage.
The adder barely misses you.
You shoot a sling bullet.
The sling bullet closely misses the adder.
You feel sick.
You are no longer poisoned.
The adder bites you.
You are poisoned.
The adder poisons you!
You shoot a sling bullet. The sling bullet hits the adder.
The adder is heavily wounded.
You feel sick. The adder bites you.
You are more poisoned.
The adder poisons you! The adder bites you.
You are lethally poisoned!
The adder poisons you!
You shoot a sling bullet. The sling bullet hits the adder.
You kill the adder!
You feel very sick.
You have reached level 3!
Your experience leads to an increase in your attributes!
Increase (S)trength, (I)ntelligence, or (D)exterity?
You feel agile. x2
There is a lethal amount of poison in your body!
You feel sick.
There is a lethal amount of poison in your body!
You feel sick.
There is a lethal amount of poison in your body!
You feel sick.
There is a lethal amount of poison in your body!
You feel sick.
There is a lethal amount of poison in your body!
You feel sick.
There is a lethal amount of poison in your body!
You feel sick.
There is a lethal amount of poison in your body!
You die...

#..........#
#..........#
#..........# ####
#..........# #...
#..........# #...
#..........# ####...
#..........#####
...)...##...............
......%@'...........>..#
.......##..........#.#.#
......# #........).#.#.#
...... ##########.#.#.#
..... #.....# .....
###.### .... #.# ####
######'### #........#


There were no monsters in sight!

Vanquished Creatures
  An adder (D:2)
  A dart slug (D:1)
  A giant cockroach (D:1)
  4 goblins
  2 hobgoblins (D:2)
  2 jackals (D:1)
  A kobold (D:1)
  A quokka (D:2)
  2 ball pythons (D:1)
  2 bats (D:1)
  A frilled lizard (D:1)
  3 rats
21 creatures vanquished.

Notes
Turn   | Place    | Note
-------+----------+-------------------------------------------
     0 | D:1      | qw the Minotaur Hexslinger began the quest for the Orb.
     0 | D:1      | Reached XP level 1. HP: 16/16 MP: 1/1
     0 | D:1      | 0 ||| qw: Version: 0.3-a-46-gb1f654a
     0 | D:1      | 0 ||| qw: Game counter: 2731
     0 | D:1      | 0 ||| qw: Melee chars always use a shield: true
     0 | D:1      | 0 ||| qw: God list: Okawaru
     0 | D:1      | 0 ||| qw: Allow faded altars: false
     0 | D:1      | 0 ||| qw: Do Orc after clearing Dungeon:15 true
     0 | D:1      | 0 ||| qw: Do second Lair branch before Depths: true
     0 | D:1      | 0 ||| qw: Lair rune preference: random
     0 | D:1      | 0 ||| qw: Goals: Normal
     0 | D:1      | 0 ||| PLANNING D:1-11
    80 | D:1      | Reached skill level 3 in Ranged Weapons
    81 | D:1      | Reached XP level 2. HP: 15/23 MP: 2/2
   205 | D:1      | Found a faded altar of an unknown god.
   496 | D:1      | 496 ||| UPGRADING to amulet of faith.
   501 | D:1      | 501 ||| READING 2 scrolls labelled ASIASAMMEKK.
   502 | D:1      | 502 ||| READING scroll of enchant weapon.
   502 | D:1      | 502 ||| ENCHANTING +2 sling.
   503 | D:1      | 503 ||| READING 2 scrolls labelled KAAMITW ZI ONE.
   504 | D:1      | 504 ||| DROPPING scroll of poison.
   749 | D:2      | HP: 5/24 [poisoned by an adder]
   750 | D:2      | Reached XP level 3. HP: 7/29 MP: 3/3
   754 | D:2      | HP: 2/29 [poisoned by an adder]
   756 | D:2      | Succumbed to an adder's poison

Levels and vault maps discovered:
D:1:      dpeg_arrival_rooms_c, layout_basic,
          hellmonk_ecumenical_altar_lost_god, minmay_splitting_lines,
          minmay_misc_feat_roman
D:2:      layout_basic

Skill      XL: |  1  2 |
---------------+-------+-----
Ranged Weapons | 3 |  3.6
Fighting       | 2 |  2.0
Dodging        | |  2.1
Spellcasting   | |  1.0
Hexes          | |  2.0

Action                     || total
---------------------------++-------
   Fire: Sling             ||    60
    Use: Scroll            ||     3
 Armour: Robe              ||     7
  Dodge: Dodged            ||    19

Table legend:
 A = Non-vault XP
 B = Vault XP
 C = Vault XP percentage of total XP
 D = Non-vault monster count
 E = Vault monster count
 F = Vault count percentage of total count
                 A         B        C        D         E       F
            +---------+---------+-------+---------+---------+-------
      Total |      48 |       0 |   0.0 |      21 |       0 |   0.0
            +---------+---------+-------+---------+---------+-------
        D:1 |      23 |       0 |   0.0 |      13 |       0 |   0.0
        D:2 |      25 |       0 |   0.0 |       8 |       0 |   0.0
            +---------+---------+-------+---------+---------+-------
